 Dungeon Crawl Stone Soup version 0.19-a0-1922-g1e9a4c1 (webtiles) character file.

38 LORDOFBUTT the Sneak (level 3, 0/18 HPs)
             Began as a Spriggan Assassin on Oct 24, 2016.
             Succumbed to an adder's poison
             ... on level 1 of the Dungeon.
             The game lasted 00:01:15 (964 turns).

LORDOFBUTT the Sneak (Spriggan Assassin)             Turns: 964, Time: 00:01:15

Health: 0/18       AC:  3    Str:  8    XL:     3   Next: 25%
Magic:  4/4        EV: 17    Int: 12    God:
Gold:   72         SH:  0    Dex: 17    Spells: 0 memorised, 2 levels left

rFire  + . .     SeeInvis +     a - +2 dagger
rCold  + + .     Gourm    .     c - +0 robe
rNeg   . . .     Faith    .     (shield restricted)
rPois  +         Spirit   .     (helmet restricted)
rElec  +         Reflect  .     d - +0 cloak
rCorr  +         Harm     .     (gloves unavailable)
MR     .....                    (boots unavailable)
Stlth  ++++......               (no amulet)
                                (no ring)
                                m - ring of protection from cold

@: lethally poisoned (0 -> -6), resistant, flying, very quick
A: unfitting armour, see invisible, herbivore 3, speed 3, slow metabolism 2
a: no special abilities


You were on level 1 of the Dungeon.
You were not hungry.

You visited 1 branch of the dungeon, and saw 2 of its levels.

You collected 72 gold pieces.

Inventory:

Hand Weapons
 a - a +2 dagger (weapon)
 b - a +0 blowgun
Missiles
 e - 19 poisoned needles
 f - 2 curare-tipped needles
Armour
 c - a +0 robe (worn)
 d - a +0 cloak (worn)
Jewellery
 m - a ring of protection from cold (left hand)
Scrolls
 i - a scroll of remove curse
 j - a scroll of teleportation
Comestibles
 g - 3 bread rations


   Skills:
 - Level 1.5 Fighting
 - Level 2.1 Short Blades
 - Level 2.0 Throwing
 - Level 1.5 Dodging
 + Level 7.7 Stealth


You had 2 spell levels left.
You didn't know any spells.

Dungeon Overview and Level Annotations

Branches:
Dungeon (2/15)

Altars:


Innate Abilities, Weirdness & Mutations

You are very small and have problems with some larger weapons.
You are too small for most types of armour.
You have supernaturally acute eyesight. (SInv)
You are a herbivore.
You cover ground extremely quickly.
You need consume almost no food.


Message History

As you read the scroll labeled WEMEDAMMA KYQUO, it crumbles to dust.
You feel strangely unstable.
It was a scroll of teleportation.
As you read the scroll labeled XENGUK VADE, it crumbles to dust.
It is a scroll of identify.
i - a scroll of remove curse
* * * LOW HITPOINT WARNING * * *
You feel sick.
As you read the scroll labeled NAWONK ANLAKUU, it crumbles to dust.
The scroll dissolves into smoke.
It was a scroll of fog.
Your surroundings suddenly seem different.
You aren't carrying any potions.
You aren't carrying any items that you can evoke.
You don't know any spells.
(D) Dungeon
Where to? (Enter - D:2, ? - help)
There is a lethal amount of poison in your body!
* * * LOW HITPOINT WARNING * * *
You feel sick.
There is a lethal amount of poison in your body!
You die...

#############
#######............
#..............####
#.#####.######.#
####### #####.##
#......#.# ......#
#......####..###.#.####
......# #............#
#.#..... ......#
#.......####.# #.#.####
####### #.....@......#
#.#.....
#......#########.#..##.
#####............†..)..
#######.####.#..###
#..# #.....†.
#..#####..... ##
##....#†#.....
#.##..####.#.....
##.#.###.##.#.#.##


There were no monsters in sight!

Vanquished Creatures
  An adder (D:2)
  4 dart slugs (D:1)
  A ball python (D:1)
  3 bats (D:1)
  3 goblins (D:1)
  2 hobgoblins (D:1)
  3 kobolds (D:1)
  5 rats
22 creatures vanquished.

Notes
Turn   | Place    | Note
-------+----------+-------------------------------------------
     0 | D:1      | LORDOFBUTT the Spriggan Assassin began the quest for the Orb.
     0 | D:1      | Reached XP level 1. HP: 10/10 MP: 2/2
    11 | D:1      | Reached skill level 6 in Stealth
    72 | D:1      | Reached XP level 2. HP: 9/14 MP: 3/3
   510 | D:1      | Reached skill level 7 in Stealth
   882 | D:2      | Reached XP level 3. HP: 18/18 MP: 4/4
   964 | D:1      | Succumbed to an adder's poison

Vault maps used:
D:1:      dpeg_arrival_subterranean_lakeside_camping
D:2:      uniq_terence, uniq_natasha

Skill      XL: |  1  2 |
---------------+-------+-----
Stealth        | 6 7 |  7.7
Fighting       | |  1.5
Short Blades   | |  2.1
Throwing       | |  2.0
Dodging        | |  1.5

Action                   || total
-------------------------++-------
Melee: Dagger            ||    67
 Fire: Blowgun           ||     1
  Use: Scroll            ||     3
       Potion            ||     2
 Stab: Sleeping          ||    11
Armor: Robe              ||     4
Dodge: Dodged            ||    40
